 Dungeon Crawl Stone Soup version 0.21.1-1-g345015fe64 (webtiles) character file.

24472 KleinerIrrer the Severer (level 13, -1/106 HPs)
             Began as a Formicid Fighter on Mar 17, 2018.
             Was an Elder of the Shining One.
             Slain by a sun demon (15 damage)
             ... summoned by an orc sorcerer
             ... on level 2 of the Orcish Mines.
             The game lasted 00:31:56 (14790 turns).

KleinerIrrer the Severer (Formicid Fighter)        Turns: 14790, Time: 00:31:57

Health: -1/106     AC: 19    Str: 26    XL:     13   Next: 43%
Magic:  13/13      EV:  7    Int:  8    God:    the Shining One [****..]
Gold:   1437       SH: 12    Dex: 10    Spells: 12/12 levels left

rFire    . . .     SeeInvis +   D - +8 trident of Geta {freeze, +Inv rElec MR+}
rCold    + . .     Gourm    .   c - +0 shield
rNeg     + + .     Faith    .   I - +0 plate armour
rPois    .         Spirit   .   (helmet unavailable)
rElec    +         Reflect  .   t - +0 cloak
rCorr    .         Harm     .   O - +0 pair of gloves
MR       ++...                  y - +1 pair of boots
Stlth    ..........             (no amulet)
HPRegen  0.27/turn              n - ring of protection from cold
MPRegen  0.13/turn              (no ring)

@: glowing, drained
A: permanent stasis, dig shafts and tunnels, four strong arms, antennae 3
a: Dig, Shaft Self, Divine Shield, Cleansing Flame, Renounce Religion, Evoke
Invisibility


You were on level 2 of the Orcish Mines.
You worshipped the Shining One.
The Shining One was greatly pleased with you.
You were not hungry.

You visited 4 branches of the dungeon, and saw 16 of its levels.
You also visited: Ossuary.

You collected 1521 gold pieces.
You spent 84 gold pieces at shops.

Inventory:

Hand Weapons
 D - the +8 trident of Geta (weapon) {freeze, +Inv rElec MR+}
   (You found it on level 5 of the Dungeon)

   It has been specially enchanted to freeze those struck by it, causing extra
   injury to most foes and up to half again as much damage against particularly
   susceptible opponents.
   It can also slow down cold-blooded creatures.
   It insulates you from electricity.
   It affects your resistance to hostile enchantments.
   It lets you turn invisible.
 M - the +10 dagger of Symmetry {venom, rPois rF+ Str+3}
   (You found it on level 7 of the Dungeon)

   It poisons the flesh of those it strikes.
   It affects your strength (+3).
   It protects you from fire.
   It protects you from poison.
 S - a +0 hand axe of electrocution
Missiles
 w - 104 bolts
Armour
 c - a +0 shield (worn)
 t - a +0 cloak (worn)
 y - a +1 pair of boots (worn)
 I - a +0 plate armour (worn)
 O - a +0 pair of gloves (worn)
 R - a +2 ring mail of magic resistance
Jewellery
 g - an uncursed ring of protection from fire
 j - the ring of Ycakoa {rF+ Int+3}
   (You found it on level 5 of the Dungeon)

   [ring of intelligence]

   It affects your intelligence (+3).
   It protects you from fire.
 n - a ring of protection from cold (left hand)
 o - an uncursed ring of resist corrosion
 K - an uncursed ring of flight
Wands
 G - a wand of flame (20)
 Q - a wand of iceblast (8)
Scrolls
 b - a scroll of amnesia
 d - 5 scrolls of random uselessness
 e - 2 scrolls of holy word
 h - a scroll of magic mapping
 m - 4 scrolls of teleportation
 q - 2 scrolls of fear
 r - 6 scrolls of enchant weapon
 x - 2 scrolls of fog
 F - 4 scrolls of enchant armour
 H - 5 scrolls of remove curse
 L - 2 scrolls of identify
 P - a scroll of summoning
Potions
 i - a potion of resistance
 k - 6 potions of curing
 l - 4 potions of mutation
 p - 8 potions of lignification
 s - 4 potions of ambrosia
 v - 5 potions of brilliance
 z - 3 potions of flight
 A - 2 potions of haste
 B - a potion of heal wounds
 C - 3 potions of degeneration
 E - a potion of agility
 N - a potion of magic
Miscellaneous
 J - a phial of floods
Comestibles
 a - 6 chunks of flesh
 f - 27 rations


   Skills:
 * Level 11.4(11.3) Fighting
 + Level 15.0(14.9) Axes
 + Level 9.9(9.8) Armour
 + Level 10.0(9.9) Shields


You had 12 spell levels left.
You didn't know any spells.

Dungeon Overview and Level Annotations

Branches:
Dungeon (11/15)            Temple (1/1) D:4            Lair (2/6) D:8
    Orc (2/2) D:11            Elf (0/3) Orc:2
  Swamp: Lair:2-4    Shoals: Lair:2-4     Snake: Lair:2-4    Spider: Lair:2-4

Altars:
Ashenzari
Cheibriados
Dithmenos
Elyvilon
Fedhas
Gozag
Hepliaklqana
Kikubaaqudgha
Makhleb
Nemelex Xobeh
Okawaru
Qazlal
Ru
Sif Muna
Trog
Uskayaw
Vehumet
Wu Jian
Xom
Yredelemnul
Zin
The Shining One

Shops:
D:4 *   Orc:2 }


Innate Abilities, Weirdness & Mutations

You cannot be hasted, slowed, berserked, paralysed or teleported.
You can dig through walls and to a lower floor.
Your four strong arms can wield two-handed weapons with a shield.
You have a pair of large antennae on your head. (SInv)


Message History

You resist. The sun demon hits you!
* * * LOW HITPOINT WARNING * * *
You are engulfed in flames!
* * * LOW HITPOINT WARNING * * *
The orc sorcerer casts a spell at you. The bolt of negative energy hits you!
You partially resist.
You feel drained. The sun demon barely misses you.
You block the sun demon's attack. You block the sun demon's attack.
You block the sixfirhy's attack.
The orc sorcerer mumbles some strange words.
You block the sixfirhy's attack.
You feel much better.
The sixfirhy hits you but does no damage.
The sixfirhy hits you. The sixfirhy shocks you. You resist.
* * * LOW HITPOINT WARNING * * *
The orc sorcerer gestures wildly while chanting.
The sun demon hits you!
* * * LOW HITPOINT WARNING * * *
You are engulfed in flames!
You die...

≈§≈≈§≈§§§≈≈≈≈§≈≈
................
.......§.....
..5.8...... #34...#
#§o53≈# #≈o..≈#
##≈33.≈## ## ##
#§§@..≈§# { #≈###.
###≈≈...≈≈### ###≈§≈§.
###≈≈≈≈..§§≈≈§###§≈§≈§..
≈§≈§##≈)..≈##§§§§≈§≈§...
≈≈≈≈##≈..§§##≈§§≈≈§§....
####≈≈.....§§######.....
##.........## #.....
##.##....[##[######....
#..##....)##..#.##.....


You could see a sun demon, an ice devil, 2 sixfirhies, a ynoxinul, 2 orc
sorcerers and 2 ufetubi.

Vanquished Creatures
  Azrael (Orc:2)
  Erolcha (D:11)
  2 two-headed ogres
  An ogre mage (Orc:2)
  Nergalle (D:11)
  An ugly thing (D:11)
  An orc knight (Orc:1)
  5 orc sorcerers (Orc:2)
  Joseph (D:9)
  2 spiny frogs
  3 black mambas
  A centaur skeleton (D:11)
  3 komodo dragons (Lair:1)
  A polar bear (Lair:2)
  3 trolls
  Grinder (D:3)
  4 hippogriffs
  3 blink frogs (Lair:2)
  A wyvern (Lair:1)
  2 wraiths
  Eustachio (D:5)
  13 yaks
  4 fire elementals (Orc:2)
  2 hungry ghosts (D:8)
  A basilisk (Lair:1)
  Menkaure (D:7)
  A warg (Orc:2)
  2 acid dragons (D:11)
  6 water moccasins
  Duvessa (D:6)
  7 porcupines
  3 hell hounds (Orc:2)
  3 ice beasts
  3 black bears
  11 orc warriors
  A sky beast (D:7)
  A necrophage (D:11)
  9 ogres
  6 wolves (Lair:1)
  6 crocodiles
  2 centaurs
  An elf zombie (Ossuary)
  A big kobold (D:10)
  5 bullfrogs
  A wyvern zombie (D:8)
  Dowan (D:6)
  2 scorpions
  3 wights (D:6)
  5 killer bees (D:10)
  A howler monkey (D:6)
  2 crimson imps
  2 centaur zombies
  A human zombie (Ossuary)
  2 bullfrog zombies
  7 orc priests
  21 orc wizards
  8 hounds
  3 jellies
  2 bullfrog skeletons
  5 iguanas
  Terence (D:2)
  6 worker ants
  3 big kobold zombies (Ossuary)
  A hound zombie (D:9)
  A howler monkey zombie (D:6)
  4 mummies (Ossuary)
  8 gnolls
  A howler monkey skeleton (D:5)
  13 adders
  2 shadow imps
  2 oozes
  3 adder zombies
  5 worms
  2 adder skeletons
  3 dart slugs (D:1)
  3 leopard geckos
  64 orcs
  5 bats
  3 giant cockroaches
  12 goblins
  8 hobgoblins
  4 jackals (D:3)
  A quokka (D:11)
  2 frilled lizards
  A hobgoblin zombie (Ossuary)
  A jackal skeleton (D:8)
  7 kobolds
  2 kobold zombies (Ossuary)
  A leopard gecko skeleton (D:4)
  A leopard gecko zombie (D:6)
  6 rats
  2 rat zombies (Ossuary)
373 creatures vanquished.

Vanquished Creatures (others)
  11 fungi (D:8)
11 creatures vanquished.

Grand Total: 384 creatures vanquished

Notes
Turn   | Place    | Note
-------+----------+-------------------------------------------
     0 | D:1      | KleinerIrrer the Formicid Fighter began the quest for the Orb.
     0 | D:1      | Reached XP level 1. HP: 18/18 MP: 1/1
    67 | D:1      | Reached XP level 2. HP: 23/24 MP: 2/2
   280 | D:1      | Reached XP level 3. HP: 24/29 MP: 3/3
   400 | D:1      | Reached skill level 3 in Axes
   565 | D:2      | Reached XP level 4. HP: 31/35 MP: 4/4
   773 | D:2      | Noticed Terence
   778 | D:2      | Killed Terence
   778 | D:2      | Reached skill level 4 in Axes
  1072 | D:2      | Reached XP level 5. HP: 33/41 MP: 5/5
  1805 | D:3      | Reached skill level 5 in Axes
  2130 | D:3      | Reached XP level 6. HP: 47/47 MP: 6/6
  2279 | D:3      | Noticed Grinder
  2314 | D:3      | Killed Grinder
  2314 | D:3      | Reached skill level 6 in Axes
  2314 | D:3      | Reached XP level 7. HP: 43/52 MP: 7/7
  2429 | D:4      | Reached skill level 7 in Axes
  2515 | D:4      | Found Odghux's General Store.
  2521 | D:4      | Found a sand-covered staircase.
  2534 | Ossuary  | Entered an ossuary
  2559 | Ossuary  | Reached skill level 8 in Axes
  2563 | Ossuary  | Reached XP level 8. HP: 17/58 MP: 8/8
  2916 | D:4      | Bought a potion of curing for 42 gold pieces
  2916 | D:4      | Bought a potion of curing for 42 gold pieces
  3082 | D:4      | Found a staircase to the Ecumenical Temple.
  3090 | Temple   | Entered the Ecumenical Temple
  3173 | Temple   | Became a worshipper of the Shining One
  3239 | D:4      | Reached skill level 9 in Axes
  3509 | D:5      | Entered Level 5 of the Dungeon
  3889 | D:5      | Noticed Eustachio
  3912 | D:5      | Killed Eustachio
  3912 | D:5      | Reached skill level 10 in Axes
  4288 | D:5      | Got a pitted trident
  4306 | D:5      | Identified the +8 trident of Geta {freeze, +Inv rElec MR+} (You found it on level 5 of the Dungeon)
  4408 | D:5      | Got a twitching glass ring
  4434 | D:5      | Reached XP level 9. HP: 64/64 MP: 9/9
  4694 | D:6      | Reached * piety under the Shining One
  4809 | D:6      | Found a sparkling altar of Nemelex Xobeh.
  4811 | D:6      | Found a burning altar of Makhleb.
  4812 | D:6      | Found an opulent altar of Gozag.
  4812 | D:6      | Found a bloodstained altar of Trog.
  4813 | D:6      | Found a shadowy altar of Dithmenos.
  4814 | D:6      | Found an ancient bone altar of Kikubaaqudgha.
  4836 | D:6      | Reached skill level 11 in Axes
  5580 | D:6      | Noticed Duvessa
  5581 | D:6      | Noticed Dowan
  5590 | D:6      | Killed Duvessa
  5597 | D:6      | Killed Dowan
  5597 | D:6      | Reached skill level 12 in Axes
  6170 | D:7      | Identified the ring of Ycakoa {rF+ Int+3} (You found it on level 5 of the Dungeon)
  6496 | D:7      | Got a shadowed robe
  6507 | D:7      | Identified the +1 robe of the Cast Vote {Regen+ Str+4 Dex+3} (You found it on level 7 of the Dungeon)
  6580 | D:7      | Noticed Menkaure
  6582 | D:7      | Killed Menkaure
  6582 | D:7      | Reached XP level 10. HP: 70/70 MP: 10/10
  6760 | D:7      | Got a pitted dagger
  6761 | D:7      | Identified the +10 dagger of Symmetry {venom, rPois rF+ Str+3} (You found it on level 7 of the Dungeon)
  6791 | D:7      | Reached ** piety under the Shining One
  6858 | D:7      | Found a snail-covered altar of Cheibriados.
  6994 | D:8      | Reached skill level 13 in Axes
  7276 | D:8      | Found a staircase to the Lair.
  7770 | Lair:1   | Entered Level 1 of the Lair of Beasts
  7823 | Lair:1   | Noticed a black mamba
  7823 | Lair:1   | Noticed a komodo dragon
  7827 | Lair:1   | Killed a black mamba
  7833 | Lair:1   | Killed a komodo dragon
  7833 | Lair:1   | Reached skill level 14 in Axes
  7833 | Lair:1   | Reached skill level 5 in Armour
  8212 | Lair:1   | Noticed a spiny frog
  8219 | Lair:1   | Killed a spiny frog
  8219 | Lair:1   | Reached XP level 11. HP: 75/75 MP: 11/11
  8247 | Lair:1   | Reached skill level 5 in Shields
  9178 | Lair:2   | Reached skill level 5 in Fighting
  9940 | D:9      | Reached *** piety under the Shining One
  9944 | D:9      | Noticed a two-headed ogre
  9945 | D:9      | Noticed Joseph
  9960 | D:9      | Killed a two-headed ogre
  9960 | D:9      | Reached XP level 12. HP: 18/89 MP: 12/12
 10292 | D:9      | Killed Joseph
 10437 | D:9      | Found an iron altar of Okawaru.
 10857 | D:10     | Entered Level 10 of the Dungeon
 11294 | D:10     | Noticed a two-headed ogre
 11302 | D:10     | Killed a two-headed ogre
 11826 | D:11     | Found a staircase to the Orcish Mines.
 12047 | D:11     | Noticed Nergalle
 12064 | D:11     | Killed Nergalle
 12107 | D:11     | Reached **** piety under the Shining One
 12382 | D:11     | Reached skill level 15 in Axes
 12416 | D:11     | Noticed Erolcha
 12429 | D:11     | Killed Erolcha
 12990 | Orc:1    | Entered Level 1 of the Orcish Mines
 13112 | Orc:1    | Reached XP level 13. HP: 103/103 MP: 13/13
 13234 | Orc:2    | Entered Level 2 of the Orcish Mines
 13392 | Orc:1    | Reached skill level 10 in Fighting
 13661 | Orc:2    | Found Zuytuliul's Gadget Shop.
 13684 | Orc:2    | Noticed Azrael
 13703 | Orc:2    | Killed Azrael
 14129 | Orc:2    | Found a staircase to the Elven Halls.
 14730 | Orc:2    | Reached skill level 10 in Shields
 14790 | Orc:2    | Slain by a sun demon

Skill      XL: |  1  2  3  4  5  6  7  8  9 10 11 12 13 |
---------------+----------------------------------------+-----
Shields        | 4 7 9 10 | 10.0
Axes           | 3 4 5 6 8 10 12 14 15 | 15.0
Armour         | 5 8 9 |  9.9
Fighting       | 6 9 11 | 11.4

Action                   |  1- 3 |  4- 6 |  7- 9 | 10-12 | 13-15 || total
-------------------------+-------+-------+-------+-------+-------++-------
Melee: War axe           |    79 |   131 |   182 |       |       ||   392
       Trident           |       |       |    99 |   574 |   137 ||   810
  Use: Scroll            |     1 |     4 |    13 |     4 |     4 ||    26
       Potion            |       |       |     4 |       |     3 ||     7
  Eat: Chunk             |       |     5 |     7 |    21 |     4 ||    37
       Ration            |       |       |     2 |     1 |     1 ||     4
Armor: Scale mail        |    46 |    34 |       |       |       ||    80
       Ring mail         |       |    12 |   148 |    70 |       ||   230
       Plate armour      |       |       |       |    73 |    51 ||   124
Dodge: Dodged            |    22 |    38 |   105 |   104 |    28 ||   297
Block: Shield            |    42 |    70 |   163 |   207 |    73 ||   555
